Map: Katalyse LE

Players

SaltySeal

  • Race: Protoss Protoss
  • League: Master
  • Spawn Location: 5:00

zarmanpg - Winner!

  • Race: Zerg Zerg
  • League: Master
  • Spawn Location: 11:00

VOD

Have the link to the VOD?

Description

Time

  • Played on: March 13, 2018, 12:18 p.m.
  • Length: 13:31
Show
View Real Time Build Order
Export as new Build Order

SaltySeal Protoss 

Build Orders: 1 Gate Expand 

Get SALT Encoding   

  12  0:02  Probe  
  13  0:14  Probe  
  14  0:24  Pylon  
  14  0:26  Probe  
  15  0:42  Probe (Chrono Boost)  
  16  0:46  Gateway  
  16  0:53  Assimilator  
  16  0:54  Probe (Chrono Boost)  
  17  1:03  Probe (Chrono Boost)  
  18  1:08  Probe  
  19  1:20  Probe  
  20  1:29  Nexus  
  20  1:39  Cybernetics Core  
  20  1:42  Probe  
  21  1:51  Assimilator  
  21  1:54  Probe  
  21  2:00  Pylon  
  22  2:11  Probe  
  22  2:15  Warp Gate  
  23  2:18  Adept  
  25  2:25  Probe  
  26  2:30  Stargate  
  26  2:37  Probe  
  26  2:43  Probe  
  28  2:45  Stalker  
  30  2:53  Probe  
  30  2:57  Gateway  
  30  2:59  Probe  
  30  3:04  Shield Battery  
  31  3:20  Adept (Chrono Boost)  
  31  3:28  Shield Battery  
  31  3:31  Void Ray  
  35  3:37  Shield Battery  
  35  3:46  Probe (Chrono Boost)  
  35  3:48  Probe (Chrono Boost)  
  37  3:51  Shield Battery  
  38  3:57  Probe x2 (Chrono Boost)  
  38  4:02  Probe x2 (Chrono Boost)  
  41  4:11  Shield Battery  
  41  4:13  Probe  
  41  4:15  Pylon  
  42  4:22  Probe  
  43  4:25  Oracle  
  46  4:33  Probe  
  46  4:34  Sentry  
  46  4:36  Robotics Facility  
  46  4:38  Sentry  
  51  4:39  Probe  
  52  4:45  Probe (Chrono Boost), Gateway  
  52  4:51  Probe (Chrono Boost)  
  54  5:01  Assimilator  
  54  5:03  Assimilator, Pylon  
  54  5:21  Probe x2  
  54  5:23  Warp Prism  
  58  5:34  Pylon  
  58  5:38  Pylon  
  58  5:39  Sentry x2  
  62  5:51  Nexus  
  62  5:55  Pylon  
  62  5:56  Pylon  
  62  5:58  Probe  
  62  5:59  Probe  
  62  6:03  Sentry x2  
  68  6:10  Gateway x2, Sentry  
  70  6:11  Gateway  
  70  6:13  Gateway  
  71  6:18  Observer (Chrono Boost)  
  71  6:21  Probe x2  
  71  6:24  Shield Battery  
  73  6:33  Probe x2  
  73  6:36  Stalker x3  
  73  6:38  Twilight Council  
  79  7:02  Stalker x2  
  79  7:03  Stalker  
  71  7:15  Stalker x3  
  71  7:16  Stalker  
  73  7:31  Probe  
  73  7:32  Probe x2  
  73  7:35  Assimilator  
  73  7:36  Charge (Chrono Boost)  
  74  7:39  Assimilator  
  74  7:43  Probe  
  75  7:48  Gateway  
  75  7:49  Gateway  
  70  7:52  Gateway  
  70  7:53  Stalker x2, Gateway  
  70  7:57  Sentry  
  76  7:59  Adept  
  78  8:09  Probe x2  
  78  8:10  Probe  
  81  8:15  Adept x3  
  87  8:24  Templar Archives  
  87  8:25  Probe  
  86  8:37  Observer  
  81  8:46  Stalker x3  
  81  8:47  Stalker x3  
  80  8:55  Zealot x3  
  84  8:57  Observer  
  73  9:17  Zealot x4  
  73  9:18  Zealot  
  75  9:32  Probe  
  75  9:34  High Templar x2  
  75  9:36  High Templar  
  74  9:42  Probe  
  74  9:45  Probe x2  
  72  9:52  Cybernetics Core, High Templar  
  75  9:53  Archon  
  75  9:54  Zealot x3  
  75  9:55  Zealot, Observer  
  83  10:04  Zealot  
  83  10:05  Archon  
  85  10:13  Probe x2  
  87  10:17  Pylon  
  87  10:23  Zealot x5  
  71  11:12  Pylon  
  58  11:21  Pylon, Observer  
  55  11:35  Zealot x3  
  59  11:47  Zealot  
  61  12:02  Zealot  
  61  12:06  Pylon  
  63  12:12  Pylon  
Show
View Real Time Build Order
Export as new Build Order

zarmanpg Zerg - Winner!

Build Orders: Hatch First, Lurkers 

Get SALT Encoding   

  12  0:01  Drone  
  13  0:13  Overlord  
  13  0:17  Drone  
  14  0:31  Drone x2  
  14  0:35  Drone  
  17  0:56  Drone, Hatchery  
  17  1:00  Drone  
  17  1:04  Extractor  
  17  1:17  Spawning Pool  
  16  1:20  Drone  
  16  1:23  Drone  
  18  1:29  Drone  
  19  1:40  Overlord  
  19  1:51  Drone  
  21  2:01  Drone  
  21  2:03  Queen  
  21  2:05  Metabolic Boost  
  23  2:10  Queen  
  23  2:13  Zergling x2  
  26  2:17  Zergling x2  
  26  2:20  Zergling x2  
  28  2:23  Zergling x2  
  29  2:30  Zergling x2  
  29  2:35  Zergling x2  
  31  2:44  Zergling x4  
  33  3:03  Drone  
  33  3:04  Drone x2  
  36  3:11  Overlord  
  36  3:19  Drone, Hatchery  
  35  3:21  Overlord  
  34  3:37  Drone x4  
  34  3:39  Drone  
  38  3:42  Lair  
  38  3:44  Drone  
  36  3:50  Drone  
  37  3:57  Extractor  
  37  3:58  Drone  
  37  4:02  Drone  
  38  4:08  Drone  
  39  4:14  Drone  
  39  4:16  Drone  
  41  4:21  Spore Crawler  
  41  4:22  Spore Crawler  
  39  4:29  Drone x3  
  39  4:30  Drone  
  43  4:33  Queen  
  43  4:34  Overlord x2  
  43  4:37  Drone x2  
  47  4:41  Hydralisk Den  
  47  4:45  Spore Crawler, Evolution Chamber  
  44  4:46  Drone x2  
  44  4:49  Overlord  
  46  4:54  Extractor  
  46  4:55  Drone x2, Extractor  
  46  4:58  Drone  
  47  5:09  Overlord  
  47  5:13  Zerg Missile Weapons Level 1  
  47  5:15  Muscular Augments  
  47  5:16  Drone x2  
  47  5:18  Drone x3  
  47  5:20  Drone  
  53  5:22  Hydralisk  
  53  5:25  Hydralisk  
  57  5:28  Hydralisk  
  57  5:32  Hydralisk  
  61  5:44  Hydralisk x2  
  61  5:46  Overlord x2  
  65  5:55  Hydralisk  
  65  5:57  Overlord x2  
  65  6:05  Hydralisk x2  
  65  6:08  Hydralisk  
  65  6:11  Hydralisk  
  71  6:15  Overlord  
  71  6:18  Hydralisk  
  73  6:23  Zergling x2  
  73  6:24  Zergling x4  
  73  6:25  Zergling x2  
  79  6:26  Grooved Spines  
  79  6:31  Lurker Den  
  78  6:33  Zergling x6  
  78  6:37  Zergling x4  
  78  6:39  Zergling x2  
  82  6:40  Zergling x2  
  82  6:44  Hydralisk  
  83  6:47  Hydralisk  
  83  6:51  Hydralisk  
  87  6:54  Hydralisk  
  87  6:58  Hydralisk  
  91  7:03  Hydralisk  
  91  7:04  Hydralisk  
  91  7:07  Hydralisk  
  94  7:10  Zergling x2  
  94  7:13  Hydralisk  
  91  7:15  Hydralisk  
  91  7:20  Hydralisk  
  91  7:24  Hydralisk  
  91  7:27  Hydralisk  
  91  7:28  Hydralisk  
  89  7:33  Zergling x4  
  89  7:35  Zergling x4  
  89  7:37  Zergling x2  
  89  7:42  Zergling x4  
  89  7:43  Zergling x2  
  90  7:49  Hydralisk  
  92  7:53  Hydralisk x2  
  93  8:03  Lurker x2  
  94  8:06  Zergling x6  
  94  8:07  Zergling x2  
  94  8:09  Zergling x4  
  99  8:13  Zergling x4  
  99  8:17  Lurker  
  99  8:19  Lurker  
  103  8:22  Zergling x4  
  103  8:23  Zergling x2  
  103  8:26  Zergling x2  
  104  8:34  Zergling x4  
  102  8:41  Zergling x2  
  92  8:56  Hydralisk x5  
  92  8:58  Hydralisk  
  97  9:14  Hydralisk x3  
  97  9:16  Hydralisk  
  101  9:18  Hydralisk  
  99  9:24  Hydralisk  
  92  9:32  Hydralisk x3  
  84  9:38  Hydralisk x2  
  84  9:43  Zergling x2  
  85  9:48  Zergling x2  
  85  9:51  Zergling x4  
  88  9:59  Zergling x2  
  89  10:00  Zerg Missile Weapons Level 2  
  89  10:01  Zergling x2  
  89  10:02  Zergling x2  
  91  10:11  Zergling x2  
  91  10:12  Zergling x2  
  91  10:13  Zergling x2  
  94  10:19  Zergling x6  
  94  10:20  Zergling x2  
  98  10:23  Zergling x2  
  98  10:27  Zergling x6  
  98  10:28  Zergling x2  
  103  10:31  Zergling x2  
  103  10:33  Zergling x6  
  105  10:47  Overlord x4  
  102  10:52  Lurker  
  102  10:53  Lurker x5  
  98  10:57  Drone  
  99  11:06  Zergling x2  
  99  11:07  Zergling x6  
  86  11:19  Hydralisk  
  88  11:25  Hydralisk  
  88  11:33  Hydralisk  
  88  11:35  Hatchery  
  88  11:39  Hatchery  
  84  11:57  Hydralisk x3  
  84  11:58  Hydralisk  
  92  12:07  Hydralisk  
  84  12:16  Hydralisk  
  86  12:31  Hydralisk  
  88  13:06  Hydralisk x3  
Tags
 
Add a new tag
Caveats
  • Supply blocks, unpowered buildings, or Contaminate may cause inaccurate times.
  • Supply counts are checked every 10 seconds.